AoeStats
← TheLaaNd4432

Fortress

509788225Analyzed
4v4 RM · 5d ago on Sep 28, 2026· 54m 59s· 8 players
Game mode
Random Map
Map size
Huge
Population
200
Speed
Normal
Resources
Standard
Victory
Conquest
Starting age
Dark Age
Ending age
Imperial Age
RankedLock teamsTeams togetherTeam positionsShared explorationLock speedFull tech treeHidden civsTurbo modeCheats
Victory
Defeat
🇹🇷 Persians · Türkiye
829
+38
🇨🇳 Turks · China
769
+17
🇧🇷 Bohemians · Brazil
746
+18
🇺🇸 Bohemians · United States
692
+21
🇺🇸 Vikings · United States
901
-21
🇺🇸 Bohemians · United States
801
-18
🇺🇸 Hindustanis · United States
767
-17
🇺🇸 Britons · United States
732
-15
zafishroc
7:35 Feudal Age
8:07 Horse Collar
8:13 Double-Bit Axe
13:41 Castle Age
15:12 Bow Saw
18:50 Wheelbarrow
19:17 Grand Trunk Road
19:46 Caravan
20:08 Gold Mining
20:10 Stone Mining
21:35 Hand Cart
22:00 Stone Shaft Mining
22:04 Gold Shaft Mining
26:56 Imperial Age
28:20 Heavy Plow
31:35 Chemistry
30:57 Ballistics
32:07 Two-Man Saw
34:14 Forging
34:10 Scale Barding Armor
34:39 Conscription
34:19 Shatagni
34:41 Heavy Camel Rider
35:22 Husbandry
35:33 Bloodlines
36:01 Iron Casting
38:03 Imperial Camel Rider
41:05 Blast Furnace
40:25 Chain Barding Armor
40:13 Siege Engineers
carlosschupnik
7:41 Feudal Age
6:07 Loom
14:05 Double-Bit Axe
14:10 Horse Collar
18:20 Castle Age
20:33 Caravan
21:40 Wheelbarrow
20:51 Town Watch
22:06 Bow Saw
22:56 Wagenburg Tactics
23:56 Padded Archer Armor
23:46 Fletching
26:15 Squires
26:01 Arson
25:36 Pikeman
25:39 Elite Skirmisher
29:41 Leather Archer Armor
31:56 Heavy Plow
34:35 Bodkin Arrow
34:51 Forging
38:38 Husbandry
37:58 Light Cavalry
42:10 Imperial Age
40:24 Hand Cart
40:10 Town Patrol
40:21 Scale Barding Armor
40:17 Scale Mail Armor
40:52 Iron Casting
43:54 Conscription
43:40 Halberdier
44:41 Cavalier
TheFox
8:10 Feudal Age
18:44 Castle Age
17:43 Double-Bit Axe
19:23 Fletching
19:34 Padded Archer Armor
19:24 Pikeman
21:24 Bodkin Arrow
23:37 Elite Skirmisher
25:53 Leather Archer Armor
28:56 Forging
28:42 Horse Collar
30:57 Bow Saw
34:28 Imperial Age
32:34 Forging
33:28 Yeomen
40:46 Chemistry
39:19 Halberdier
46:42 Crossbowman
Jonda
7:24 Feudal Age
12:36 Castle Age
12:00 Stone Mining
12:37 Double-Bit Axe
13:29 Gold Mining
15:21 Loom
19:45 Bow Saw
21:04 Town Watch
27:18 Imperial Age
26:12 Squires
26:55 Chieftains
28:06 Forging
27:57 Scale Mail Armor
29:00 Conscription
28:09 Capped Ram
30:37 Bogsveigar
31:15 Chain Mail Armor
30:41 Crossbowman
32:31 Hoardings
31:56 Fletching
31:34 Elite Skirmisher
34:04 Iron Casting
34:39 Arbalester
35:43 Town Patrol
36:37 Gold Shaft Mining
36:46 Bodkin Arrow
37:22 Plate Mail Armor
38:40 Bracer
38:42 Padded Archer Armor
39:37 Elite Berserk
41:58 Arson
43:20 Blast Furnace
42:35 Horse Collar
RESIST
4:00 Loom
8:04 Feudal Age
9:22 Wheelbarrow
13:58 Castle Age
14:44 Double-Bit Axe
14:45 Horse Collar
15:42 Heavy Plow
25:18 Fervor
25:30 Hand Cart
27:47 Imperial Age
25:04 Town Watch
26:24 Pikeman
27:04 Squires
26:50 Arson
28:04 Town Patrol
28:10 Caravan
29:46 Forging
29:50 Bow Saw
29:25 Halberdier
32:23 Chemistry
31:44 Ballistics
32:02 Conscription
33:27 Wagenburg Tactics
33:06 Houfnice
34:46 Iron Casting
34:12 Scale Mail Armor
34:03 Fletching
36:37 Blast Furnace
38:28 Elite Skirmisher
41:53 Elite Hussite Wagon
55:20 Chain Mail Armor
55:06 Padded Archer Armor
55:01 Bodkin Arrow
55:12 Scale Barding Armor
55:09 Murder Holes
55:25 Fortified Wall
55:26 Masonry
55:21 Siege Engineers
55:25 Hussite Reforms
54:43 Man-at-Arms
55:38 Redemption
TheLaaNd4432
4:55 Loom
8:56 Feudal Age
9:05 Feudal Age
14:35 Wheelbarrow
15:09 Double-Bit Axe
15:13 Horse Collar
19:10 Castle Age
17:31 Scale Barding Armor
17:37 Forging
18:38 Gold Mining
18:45 Stone Mining
20:31 Hand Cart
22:08 Gold Shaft Mining
21:36 Heavy Plow
21:48 Bow Saw
22:18 Iron Casting
22:05 Chain Barding Armor
26:46 Husbandry
26:57 Bloodlines
26:57 Scale Mail Armor
26:58 Padded Archer Armor
32:08 Imperial Age
29:41 Arson
30:07 Town Watch
33:00 Kamandaran
32:31 Sappers
33:37 Hoardings
32:41 Cavalier
35:22 Blast Furnace
34:59 Plate Barding Armor
34:41 Chain Mail Armor
34:17 Fletching
38:03 Two-Man Saw
37:35 Crop Rotation
37:31 Elite War Elephant
41:23 Savar
43:11 Plate Mail Armor
42:56 Leather Archer Armor
42:36 Guard Tower
43:08 Ballistics
46:34 Citadels
46:44 Conscription
51:30 Leather Archer Armor
51:10 Bodkin Arrow
51:16 Heated Shot
51:22 Murder Holes
51:38 Clinker Construction
51:39 Careening
52:30 Chemistry
51:41 Masonry
51:37 Siphons
我在上厕所
0:36 Loom
8:37 Feudal Age
9:54 Horse Collar
10:04 Double-Bit Axe
16:49 Castle Age
14:56 Gold Mining
15:13 Stone Mining
28:50 Imperial Age
26:53 Scale Barding Armor
26:59 Forging
28:13 Gold Shaft Mining
27:46 Heavy Plow
29:38 Husbandry
29:49 Bloodlines
30:42 Masonry
30:14 Treadmill Crane
30:29 Murder Holes
30:45 Fortified Wall
31:35 Bow Saw
33:57 Two-Man Saw
34:12 Wheelbarrow
34:05 Chain Barding Armor
34:21 Iron Casting
34:10 Ballistics
36:01 Architecture
36:09 Plate Barding Armor
35:42 Artillery
36:02 Sipahi
37:38 Blast Furnace
37:45 Caravan
38:16 Coinage
37:56 Guilds
39:16 Heavy Scorpion
41:03 Hand Cart
43:08 Hoardings
48:23 Banking
Dovahkiin
6:42 Feudal Age
8:42 Loom
11:32 Castle Age
9:55 Double-Bit Axe
10:18 Horse Collar
17:50 Bow Saw
19:34 Wheelbarrow
23:10 Fervor
23:21 Sanctity
28:55 Imperial Age
27:30 Chemistry
26:25 Fletching
26:36 Padded Archer Armor
26:37 Scale Mail Armor
26:48 Forging
26:02 Pikeman
26:43 Squires
26:29 Arson
27:29 Heavy Plow
27:36 Bodkin Arrow
30:12 Guilds
30:47 Conscription
31:22 Chain Mail Armor
32:55 Ballistics
32:41 Siege Engineers
33:00 Ballistics
37:44 Halberdier
41:08 Plate Mail Armor
41:52 Leather Archer Armor
42:13 Iron Casting
42:33 Bracer
43:51 Fortified Wall
43:52 Masonry
43:27 Man-at-Arms
44:24 Devotion
46:56 Two-Man Saw
46:30 Hand Cart
46:01 Town Watch
47:33 Architecture
46:59 Murder Holes
47:48 Town Patrol
50:38 Ring Archer Armor
51:09 Blast Furnace
50:33 Houfnice
52:13 Long Swordsman
54:18 Block Printing
54:31 Illumination
55:37 Wagenburg Tactics
Connection lost

Rejoining the realm…

Still unreachable

The connection could not be restored.

Session expired

The server has moved on; the page needs a fresh start.